 Dungeon Crawl Stone Soup version 0.28.0-53-g5a82cb258f (webtiles) character file.

Game seed: 5259075696476167076

477633 safid the Conqueror (level 24, -19/249 HPs)
             Began as a Hill Orc Fighter on Aug 15, 2022.
             Was a High Priest of Beogh.
             Demolished by a green draconian monk (39 damage)
             ... on level 2 of the Realm of Zot on Aug 16, 2022.
             The game lasted 03:05:02 (58207 turns).

safid the Conqueror (Hill Orc Fighter)             Turns: 58207, Time: 03:05:03

Health: -19/249    AC: 34    Str: 32      XL:     24   Next: 47%
Magic:  5/9        EV: 10    Int: 10 (11) God:    Beogh [*****.]
Gold:   4122       SH: 38    Dex: 12      Spells: 23/23 levels left

rFire   + + +      SeeInvis +   Z - +9 war axe of the Moon {antimagic, +Blink rF+ rC+ Int+4}
rCold   + + .      Faith    .   M - +10 tower shield of Ignorance {rN+ Int-4}
rNeg    + + .      Spirit   .   W - +5 plate armour {rF+}
rPois   +          Reflect  +   U - +5 helmet of the Harp {rPois rN+ rCorr}
rElec   +          Harm     .   P - +2 cloak {Will+}
rCorr   +          Rampage  +   l - +2 pair of gloves
Will    +++..                   p - +3 pair of boots "Humygiyl" {Rampage rElec MP-9 Int+3}
Stlth   ..........              Y - amulet of Qianuul {Reflect Str+2 Slay+2 SH+5}
HPRegen 0.51/turn               R - ring "Osoduob" {rF+ rC+ Dex+4 SInv}
MPRegen 0.11/turn               j - ring of willpower

@: hasted, studying 4 skills, very quick
A: walk on water, clumsy 1, deformed body, evolution 2
}: 3/15 runes: decaying, serpentine, slimy
a: Renounce Religion, Evoke Blink, Smiting, Recall Orcish Followers, Give Item
to Named Follower


You were on level 2 of the Realm of Zot.
You worshipped Beogh.
Beogh was extremely pleased with you.
You visited 11 branches of the dungeon, and saw 50 of its levels.
You also visited: Sewer, Bailey and Gauntlet.

You collected 8305 gold pieces.
You spent 4183 gold pieces at shops.

Inventory:

Hand Weapons
 b - the +4 hand crossbow "Rujuage" {venom, Fragile rElec rF+}
   (You found it on level 2 of the Depths)

   Any ammunition fired from it poisons the flesh of those it strikes.
   rF:        It protects you from fire.
   rElec:     It insulates you from electricity.
   Fragile:   It will be destroyed if unequipped.
 c - the +8 eveningstar of Uhasch {vorpal, rElec rPois Str-4 Stlth+}
   (You found it on level 11 of the Dungeon)

   It inflicts extra damage upon your enemies.
   Str:       It affects your strength (-4).
   rElec:     It insulates you from electricity.
   rPois:     It protects you from poison.
   Stlth:     It makes you more stealthy.
 K - the +8 hunting sling of Dusseenn {flame, rElec rC+ MP-9 Int+2}
   (You found it on level 4 of the Dungeon)

   Any ammunition fired from it burns those it strikes, dealing additional fire
   damage.
   Int:       It affects your intelligence (+2).
   rC:        It protects you from cold.
   rElec:     It insulates you from electricity.
   MP:        It affects your magic capacity (-9).
 Z - the +9 war axe of the Moon (weapon) {antimagic, +Blink rF+ rC+ Int+4}
   (You found it on level 1 of the Swamp)

   It reduces the magical energy of the wielder, and disrupts the spells and
   magical abilities of those it strikes.
   Natural abilities and divine invocations are not affected.
   Int:       It affects your intelligence (+4).
   rF:        It protects you from fire.
   rC:        It protects you from cold.
   +Blink:    It lets you blink.
Missiles
 e - 16 silver javelins (quivered)
 L - 16 curare-tipped darts
 X - a throwing net
Armour
 l - a +2 pair of gloves (worn)
 p - the +3 pair of boots "Humygiyl" (worn) {Rampage rElec MP-9 Int+3}
   (You found it on level 15 of the Dungeon)

   Int:       It affects your intelligence (+3).
   rElec:     It insulates you from electricity.
   MP:        It affects your magic capacity (-9).
   Rampage:   It bestows one free step when moving towards enemies.
 B - +0 gold dragon scales
 M - the +10 tower shield of Ignorance (worn) {rN+ Int-4}
   (You acquired it on level 3 of the Swamp)

   Int:       It affects your intelligence (-4).
   rN:        It protects you from negative energy.
 P - a +2 cloak of willpower (worn)
 U - the +5 helmet of the Harp (worn) {rPois rN+ rCorr}
   (You found it in a Gauntlet)

   rPois:     It protects you from poison.
   rN:        It protects you from negative energy.
   rCorr:     It protects you from acid and corrosion.
 W - a +5 plate armour of fire resistance (worn)
Jewellery
 d - a ring of flight
 j - a ring of willpower (right hand)
 z - a +6 ring of intelligence
 O - a ring of positive energy
 R - the ring "Osoduob" (left hand) {rF+ rC+ Dex+4 SInv}
   (You found it on level 9 of the Dungeon)

   [ring of see invisible]

   Dex:       It affects your dexterity (+4).
   rF:        It protects you from fire.
   rC:        It protects you from cold.
   SInv:      It lets you see invisible.
 Y - the amulet of Qianuul (around neck) {Reflect Str+2 Slay+2 SH+5}
   (You bought it in a shop on level 4 of the Snake Pit)

   [amulet of reflection]

   It reflects blocked missile attacks.
   Str:       It affects your strength (+2).
   Slay:      It affects your accuracy & damage with ranged weapons and melee
   (+2).
   SH:        It affects your SH (+5).
Wands
 w - a wand of digging (12)
 E - a wand of paralysis (54)
 G - a wand of acid (15)
 Q - a wand of iceblast (39)
Scrolls
 f - 10 scrolls of fog
 i - 6 scrolls of magic mapping
 m - 7 scrolls of fear
 D - 22 scrolls of teleportation
 F - 5 scrolls of holy word
 I - 3 scrolls of silence
 J - 4 scrolls of summoning
Potions
 g - 22 potions of curing
 h - 14 potions of lignification
 k - 4 potions of invisibility
 n - 4 potions of might
 q - a potion of flight
 r - a potion of berserk rage
 t - 3 potions of magic
 u - 2 potions of mutation
 v - 3 potions of haste
 x - 6 potions of cancellation
 H - 4 potions of resistance
 V - 14 potions of ambrosia
Miscellaneous
 a - a tin of tremorstones (2/2)
 o - a phial of floods
 s - a condenser vane
 y - a lightning rod (4/4)
 T - a phantom mirror


   Skills:
 O Level 27 Fighting
 - Level 19.3(20.0) Axes
 - Level 7.1(12.8) Maces & Flails
 - Level 10.0 Throwing
 - Level 14.0 Armour
 - Level 7.0 Dodging
 - Level 24.0 Shields
 + Level 20.8 Invocations
 - Level 8.0 Evocations


You had 23 spell levels left.
You didn't know any spells.
Your spell library contained the following spells:

 Spells                   Type           Power      Damage    Failure   Level
 Animate Skeleton         Necr           0%         N/A       95%         1
 Apportation              Tloc           0%         N/A       95%         1
 Beastly Appendage        Tmut           0%         N/A       95%         1
 Foxfire                  Conj/Fire      0%         2x1d4     95%         1
 Freeze                   Ice            0%         1d3       95%         1
 Magic Dart               Conj           0%         1d3       95%         1
 Pain                     Necr           0%         1d4       95%         1
 Shock                    Conj/Air       0%         1d3       95%         1
 Summon Small Mammal      Summ           0%         N/A       95%         1
 Call Imp                 Summ           0%         N/A       99%         2
 Corpse Rot               Necr/Air       0%         N/A       99%         2
 Ensorcelled Hibernation  Hex/Ice        0%         N/A       99%         2
 Passwall                 Tmut/Erth      0%         N/A       99%         2
 Poisonous Vapours        Pois/Air       0%         N/A       99%         2
 Scorch                   Fire           0%         2d5       99%         2
 Searing Ray              Conj           0%         2d4       99%         2
 Static Discharge         Conj/Air       0%         N/A       99%         2
 Sublimation of Blood     Necr           0%         N/A       99%         2
 Wereblood                Tmut           0%         N/A       99%         2
 Call Canine Familiar     Summ           0%         N/A       100%        3
 Conjure Flame            Conj/Fire      0%         6-21      100%        3
 Dazzling Flash           Conj/Hex       0%         N/A       100%        3
 Frozen Ramparts          Ice            0%         1d2       100%        3
 Gell's Gravitas          Tloc           0%         N/A       100%        3
 Ignite Poison            Fire/Tmut/Pois 0%         N/A       100%        3
 Inner Flame              Hex/Fire       0%         N/A       100%        3
 Lesser Beckoning         Tloc           0%         N/A       100%        3
 Mephitic Cloud           Conj/Pois/Air  0%         N/A       100%        3
 Ozocubu's Armour         Ice            0%         N/A       100%        3
 Portal Projectile        Hex/Tloc       0%         N/A       100%        3
 Spider Form              Tmut/Pois      0%         N/A       100%        3
 Summon Guardian Golem    Hex/Summ       0%         N/A       100%        3
 Swiftness                Air            0%         N/A       100%        3
 Teleport Other           Tloc           0%         N/A       100%        3
 Tukima's Dance           Hex            0%         N/A       100%        3
 Vampiric Draining        Necr           0%         2d6       100%        3
 Airstrike                Air            0%         N/A       100%        4
 Anguish                  Hex/Necr       0%         N/A       100%        4
 Animate Armour           Summ/Erth      0%         N/A       100%        4
 Animate Dead             Necr           0%         N/A       100%        4
 Cause Fear               Hex            0%         N/A       100%        4
 Dispel Undead            Necr           0%         3d6       100%        4
 Flame Wave               Conj/Fire      0%         2d4       100%        4
 Fulminant Prism          Conj/Hex       0%         3d6       100%        4
 Hailstorm                Conj/Ice       0%         3d3       100%        4
 Iskenderun's Mystic Bla  Conj/Tloc      0%         2d3       100%        4
 Passage of Golubria      Tloc           0%         N/A       100%        4
 Sticky Flame             Conj/Fire      0%         2d3       100%        4
 Summon Lightning Spire   Summ/Air       0%         N/A       100%        4
 Alistair's Intoxication  Tmut/Pois      0%         N/A       100%        5
 Blade Hands              Tmut           0%         N/A       100%        5
 Borgnjor's Vile Clutch   Necr/Erth      0%         N/A       100%        5
 Excruciating Wounds      Necr           0%         N/A       100%        5
 Fireball                 Conj/Fire      0%         3d3       100%        5
 Freezing Cloud           Conj/Ice/Air   0%         6-21      100%        5
 Iskenderun's Battlesphe  Conj           0%         2d6       100%        5
 Lightning Bolt           Conj/Air       0%         1d11      100%        5
 Silence                  Hex/Air        0%         N/A       100%        5
 Yara's Violent Unravell  Hex/Tmut       0%         3d3       100%        5
 Conjure Ball Lightning   Conj/Air       0%         3x3d6     100%        6
 Death Channel            Necr           0%         N/A       100%        6
 Dispersal                Tloc           0%         N/A       100%        6
 Eringya's Noxious Bog    Tmut/Pois      0%         N/A       100%        6
 Iron Shot                Conj/Erth      0%         9d1       100%        6
 Starburst                Conj/Fire      0%         6d3       100%        6
 Statue Form              Tmut/Erth      0%         N/A       100%        6
 Summon Cactus Giant      Summ           0%         N/A       100%        6
 Dragon Form              Tmut           0%         N/A       100%        7
 Orb of Destruction       Conj           0%         9d5       100%        7
 Ozocubu's Refrigeration  Ice            0%         4d5       100%        7
 Spellforged Servitor     Conj/Summ      0%         N/A       100%        7
 Storm Form               Tmut/Air       0%         N/A       100%        7
 Summon Hydra             Summ           0%         N/A       100%        7
 Discord                  Hex            0%         N/A       100%        8
 Disjunction              Tloc           0%         N/A       100%        8
 Ignition                 Fire           0%         3d3       100%        8
 Maxwell's Capacitive Co  Air            0%         ∞         100%        8
 Chain Lightning          Conj/Air       0%         N/A       100%        9
 Dragon's Call            Summ           0%         N/A       100%        9
 Fire Storm               Conj/Fire      0%         5d1       100%        9
 Shatter                  Erth           0%         3d5*      100%        9


Dungeon Overview and Level Annotations

Branches:
Dungeon (15/15)            Temple (1/1) D:4            Lair (6/6) D:11
  Swamp (4/4) Lair:3        Snake (4/4) Lair:3        Slime (5/5) Lair:6
    Orc (2/2) D:11            Elf (3/3) Orc:2        Vaults (4/5) D:13
  Crypt (0/3) Vaults:2     Depths (4/4) D:15            Zot (2/5) Depths:4
  Sewer (visited)          Bailey (visited)         Gauntlet (visited)

Altars:
Ashenzari
Cheibriados
Dithmenos
Elyvilon
Fedhas
Gozag
Hepliaklqana
Kikubaaqudgha
Makhleb
Nemelex Xobeh
Okawaru
Qazlal
Ru
Sif Muna
Trog
Uskayaw
Vehumet
Wu Jian
Xom
Yredelemnul
Zin
The Shining One
Beogh
Jiyva

Shops:
D:2 *:!!   D:14 *   Orc:1 =   Orc:2 ?=*[(   Elf:2 [   Snake:4 ==:   Vaults:3 (
Vaults:4 [?!   Depths:1 *

Portals:
Hell: Depths:1 Depths:2 Depths:3 Depths:4
Abyss: Depths:3
Pandemonium: Depths:2
Ziggurat: Depths:3
Trove: Elf:2 (give +5 demon trident)

Annotations:
D:6 1 runed translucent door, Crazy Yiuf
D:7 3 runed translucent doors, unlimited1921's ghost, novice DjFE
Lair:3 1 runed translucent door, Agekol's ghost, journeyman MiBe
Lair:4 2 transporters, Tosithia's ghost, journeyman GrEE
Swamp:1 3 runed translucent doors, turdburglar's ghost, adept HOHu
Swamp:3 Cheops's ghost, adept MiFi
Zot:2 Tiamat


Innate Abilities, Weirdness & Mutations

You can walk on water.
You are clumsy. (Dex -2)
Armour fits poorly on your strangely shaped body.
You have great hidden genetic potential.


Message History

* * * LOW HITPOINT WARNING * * *
The green draconian monk hits you!!
* * * LOW HITPOINT WARNING * * *
You block the green draconian monk's attack.
The green draconian monk tail-slaps you but does no damage.
The green draconian monk barely misses you.
Unknown command.
Unknown command.
Unknown command.
Unknown command.
Unknown command.
Unknown command.
Unknown command.
Unknown command.
Unknown command.
Unknown command.
You block the green draconian monk's attack. x2
The green draconian monk tail-slaps you but does no damage.
You block the green draconian monk's attack.
The white draconian rages.
You swap places.
The green draconian monk barely misses Orkrul.
The green draconian monk kicks Orkrul.
The green draconian monk tail-slaps Orkrul.
The green draconian monk barely misses Orkrul.
The green draconian monk rages.
The green draconian monk hits Orkrul!
The green draconian monk kicks Orkrul.
The green draconian monk tail-slaps Orkrul but does no damage. x2
Orkrul hits the green draconian monk with the +7 spear of Ash {flame, Dex+4}!
Orkrul burns the green draconian monk.
The storm dragon is no longer berserk.
The green draconian monk hits Orkrul!!!
Orkrul dies!
The red draconian scorcher casts a spell at you.
The sphere of damnation explodes!
The damnation engulfs you!!
* * * LOW HITPOINT WARNING * * *
Unknown command.
The green draconian monk is no longer berserk.
The green draconian monk rages.
You feel yourself speed up. The green draconian monk hits you!!!
You die...

#.q..'.≈≈≈≈≈≈...+,,
##d###..........#*,
#d#####........#*,
#q#...'........#*,
#.#.###........+,,
#D#.# #........#**
#.#.# #........#
#q#.# #....)...###
#@#.# #........'..
#.#.# #........###
#.#.# #........# #
#.#.# ######'### #
#.#.# #####.#####
#.#.# #..........
#.#.# #.###.#####
#.#.# #.# #.# #.#.#
#.###.#####


You could see 2 draconians, a storm dragon (slow), a purple draconian and a
white draconian (berserk).

Vanquished Creatures
  the Royal Jelly (Slime:5)
  Mara (Depths:3)
  An orb of fire (Zot:1)
  Boris (Depths:3)
  the Lernaean hydra (Swamp:4)
  Vashnia (Snake:3)
  2 golden dragons
  A bone dragon (Zot:2)
  An electric golem (Zot:1)
  3 tentacled monstrosities
  Rupert (D:12)
  A walking crystal tome (Depths:2)
  2 liches (Depths:2)
  3 titans
  A walking frostbound tome (Depths:4)
  2 deep elf master archers (Elf:3)
  5 acid blobs
  The ghost of safid the Severer, an adept HOFi of Beogh (Swamp:4)
  A death cob (Zot:1)
  A sphinx (Depths:2)
  2 shadow dragons
  A storm dragon (Zot:1)
  A tengu reaver (Depths:2)
  2 fenstrider witches
  2 rockslimes (Slime:5)
  4 draconian monks
  2 fire giants
  An orc warlord (Orc:2)
  4 deep elf sorcerers
  2 azure jellies
  A draconian knight (Zot:1)
  4 frost giants
  5 vault wardens
  A draconian scorcher (Zot:1)
  2 nagarajas (Snake:4)
  Louise (Snake:1)
  A ghost moth (Zot:2)
  5 deep elf elementalists (Elf:3)
  6 quicksilver oozes
  10 very ugly things
  3 draconian stormcallers (Zot:1)
  6 ironbound preservers
  12 stone giants
  4 ironbound thunderhulks
  5 eleionomae
  2 spriggan defenders
  6 deep elf demonologists
  9 deep elf annihilators
  2 vampire knights (Depths:2)
  2 green draconians (Zot:1)
  A minotaur (Gauntlet)
  2 red draconians
  Azrael (Snake:1)
  A yellow draconian (Zot:2)
  A black draconian (Zot:1)
  2 entropy weavers (Vaults:1)
  A wendigo (Depths:1)
  3 spark wasps
  8 dire elephants
  A bunyip (Swamp:4)
  2 white draconians (Zot:1)
  A jiangshi (Depths:2)
  7 deep elf death magi
  A fire dragon (Zot:2)
  5 ettins
  2 deep elf high priests (Elf:3)
  5 great orbs of eyes
  3 rakshasas
  2 salamander tyrants
  10 yaktaur captains
  A hell beast (Gauntlet)
  3 ironbound frosthearts (Vaults:3)
  3 spriggan air magi
  3 boulder beetles
  A vault guard (D:13)
  A ghost crab (Swamp:3)
  An anaconda (Snake:2)
  2 ice dragons (Depths:2)
  2 ogre magi
  2 naga warriors (Snake:4)
  17 hydras
  8 centaur warriors
  2 catoblepae
  Erica (D:11)
  7 two-headed ogres
  A death scarab (Gauntlet)
  12 alligators
  21 dancing weapons
  4 deep troll shamans
  3 tengu warriors
  3 death yaks (Lair:2)
  4 naga sharpshooters
  A shock serpent (Snake:1)
  2 vampire magi (Depths:2)
  8 spriggan berserkers
  A deep troll earth mage (Depths:2)
  Sonja (Orc:2)
  3 skeletal warriors (D:14)
  3 hell knights (Depths:2)
  14 deep elf knights
  A salamander mystic (Snake:2)
  A spectral death yak (Lair:6)
  6 goliath frogs
  8 iron trolls
  5 sea snakes (Snake:4)
  2 glowing orange brains
  25 deep trolls
  A death drake (Swamp:3)
  2 spriggan druids
  4 bog bodies
  3 phantasmal warriors
  2 orc knights (Bailey)
  14 swamp dragons
  9 deep elf archers
  7 ironbound convokers
  9 lindwurms
  A lindwurm (shapeshifter) (Depths:1)
  An obsidian statue (Lair:6)
  4 necromancers
  5 wizards
  5 naga ritualists
  Pikel (D:7)
  7 mana vipers
  15 deep elf pyromancers
  21 deep elf zephyrmancers
  21 ugly things
  4 will-o-the-wisps
  10 salamanders
  5 cyclopes
  A guardian serpent (Snake:4)
  2 manticores
  21 elephants
  3 naga magi
  10 moths of wrath
  17 black mambas
  9 vault sentinels
  12 cane toads
  4 gargoyles
  Maggie (D:6)
  An eye of devastation (Slime:1)
  12 yaktaurs
  10 komodo dragons
  A freezing wraith (D:15)
  Psyche (D:8)
  A kobold demonologist (D:13)
  A spark wasp simulacrum (Depths:1)
  A tengu conjurer (Depths:2)
  4 rime drakes
  A golden dragon simulacrum (Depths:1)
  2 trolls
  A meliai (D:13)
  3 tyrant leeches
  3 polar bears
  A queen bee (Gauntlet)
  62 slime creatures
  3 dream sheep (Lair:4)
  7 hornets
  A blink frog (shapeshifter) (Vaults:2)
  7 blink frogs
  4 meliai zombies (D:11)
  An air elemental (Elf:1)
  2 wyverns (Lair:3)
  A shadow (D:10)
  31 yaks
  A culicivora (Vaults:1)
  12 spriggans
  A basilisk (shapeshifter) (Depths:2)
  2 wraiths
  4 fire bats (Lair:3)
  3 humans (D:13)
  7 water elementals
  5 fire elementals
  A spriggan simulacrum (Depths:1)
  2 redbacks (Vaults:1)
  7 basilisks
  Edmund (D:6)
  6 vampire mosquitoes
  A spectral cane toad (Gauntlet)
  24 nagas
  14 swamp worms
  A warg (D:15)
  An acid dragon (D:10)
  14 water moccasins
  2 floating eyes
  2 hell hounds (Gauntlet)
  2 sky beasts
  16 orc warriors
  5 swamp drakes (Swamp:4)
  An ice beast (D:8)
  4 black bears
  3 necrophages
  5 ogres
  4 boggarts (Vaults:1)
  6 centaurs
  4 lemures (D:7)
  5 wolves (Lair:2)
  A phantom (D:6)
  A kobold brigand (D:7)
  2 gnoll sergeants
  10 bullfrogs
  2 scorpions
  A glowing shapeshifter simulacrum (Depths:1)
  A water moccasin skeleton (D:5)
  An elephant simulacrum (Lair:6)
  25 killer bees
  4 electric eels (Lair:3)
  A bullfrog zombie (D:5)
  14 centaur zombies
  A centaur skeleton (D:5)
  4 jellies
  3 orc priests
  3 iguanas
  9 orc wizards
  Ijyb (D:4)
  A killer bee zombie (D:6)
  Robin (D:2)
  4 gnolls
  10 adders
  A river rat (Sewer)
  14 white imps
  2 adder skeletons (D:4)
  3 worms
  6 dart slugs
  32 orcs
  14 ball pythons
  4 bats
  12 endoplasms
  6 giant cockroaches
  16 goblins
  16 hobgoblins
  6 jackals
  17 kobolds
  7 quokkas
  9 frilled lizards
  9 rats
1214 creatures vanquished.

Vanquished Creatures (collateral kills)
  3 golden dragons
  An electric golem (Zot:2)
  Jorgrun (Elf:2)
  Asterion (Elf:3)
  A deep elf blademaster (Elf:3)
  A deep elf master archer (Elf:3)
  12 acid blobs
  3 quicksilver dragons
  A death cob (Zot:1)
  A sphinx (Vaults:2)
  The ghost of Nauzuosmi the Carver, an adept DsFi of Gozag (Snake:1)
  6 draconian monks
  A tengu reaver (Depths:4)
  A shadow dragon (Zot:1)
  5 storm dragons
  4 rockslimes
  6 azure jellies
  2 fire giants
  4 nagarajas (Snake:4)
  6 deep elf sorcerers
  A draconian knight (Zot:1)
  3 vault wardens
  Aizul (Elf:1)
  An orc warlord (Vaults:4)
  A ghost moth (Zot:2)
  A deep elf elementalist (Elf:3)
  A draconian annihilator (Depths:4)
  A draconian stormcaller (Zot:1)
  5 quicksilver oozes
  3 ironbound preservers (Vaults:1)
  6 very ugly things
  17 slime creatures
  An eleionoma (Swamp:2)
  A deep elf demonologist (Elf:3)
  8 ironbound thunderhulks
  4 deep elf annihilators
  2 green draconians (Depths:4)
  2 white draconians
  A yellow draconian (Depths:4)
  A purple draconian (Zot:1)
  3 bunyips
  4 dire elephants
  A red draconian (Zot:1)
  Snorg (Orc:2)
  2 spark wasps (Depths:2)
  2 deep elf death magi (Elf:3)
  2 ettins
  A fire dragon (Depths:2)
  3 jiangshi (Depths:2)
  4 great orbs of eyes
  Josephine (D:13)
  3 yaktaur captains
  4 naga warriors (Snake:4)
  4 vault guards (D:13)
  A boulder beetle (Vaults:1)
  12 hydras
  5 ice dragons
  6 ironbound frosthearts
  A peacekeeper (Vaults:3)
  4 spriggan air magi
  A death knight (D:13)
  8 anacondas
  A catoblepas (Lair:4)
  3 centaur warriors
  3 deep troll earth magi
  6 dancing weapons (Elf:2)
  2 alligators (Swamp:2)
  3 deep troll shamans
  4 tengu warriors
  2 death yaks (Lair:6)
  A shock serpent (Snake:2)
  4 spriggan berserkers
  Urug (D:12)
  A vampire mage (Depths:2)
  An orc high priest (Orc:1)
  4 naga sharpshooters
  A hell knight (Depths:2)
  2 deep elf knights (Elf:1)
  A skeletal warrior (D:14)
  A salamander mystic (Snake:4)
  2 sea snakes (Snake:4)
  28 deep trolls
  A glowing orange brain (shapeshifter) (Depths:2)
  A spectral anaconda (Lair:6)
  3 iron trolls (Depths:4)
  6 lindwurms
  3 swamp dragons
  4 wizards
  2 deep elf archers (Elf:1)
  2 spriggan druids
  3 naga ritualists
  2 phantasmal warriors (Depths:2)
  4 ironbound convokers
  2 bog bodies
  18 deep elf pyromancers
  2 necromancers
  6 orc knights
  9 deep elf zephyrmancers
  4 mana vipers
  2 moths of wrath (Zot:2)
  2 orc sorcerers (Orc:2)
  5 salamanders
  2 shining eyes
  A will-o-the-wisp (Swamp:1)
  11 ugly things
  3 cyclopes
  A manticore (D:15)
  6 elephants
  13 black mambas
  6 naga magi
  2 cane toads (Lair:6)
  9 vault sentinels
  A cane toad (shapeshifter) (D:14)
  A dire elephant zombie (Lair:6)
  A guardian serpent (Snake:4)
  An eye of devastation (Slime:5)
  2 komodo dragons
  5 yaktaurs
  A komodo dragon (shapeshifter) (Vaults:3)
  2 trolls
  3 tengu conjurers
  3 tyrant leeches
  A queen bee (Lair:2)
  5 meliai
  7 blink frogs
  5 hornets
  A dream sheep (Lair:4)
  A shadow (D:13)
  6 spriggans
  4 water elementals
  2 wyverns
  8 yaks
  6 wraiths (D:13)
  3 fire elementals
  5 basilisks
  3 humans (D:13)
  A redback (Vaults:1)
  A vampire mosquito (D:15)
  A swamp worm (Swamp:1)
  3 wargs
  5 nagas
  4 water moccasins
  2 hell hounds (Snake:1)
  A floating eye (Depths:2)
  5 orc warriors
  A swamp drake (Swamp:4)
  An elephant zombie (Lair:6)
  A centaur (D:12)
  6 wolves
  An elephant skeleton (Lair:6)
  A kobold brigand (Depths:4)
  An earth elemental (Elf:2)
  17 killer bees (Lair:2)
  An electric eel (D:15)
  A lava snake (Lair:3)
  2 orc priests
  4 orc wizards
  13 orcs
551 creatures vanquished.

Vanquished Creatures (others)
  2 orc warlords
  A very ugly thing (Depths:2)
  A red draconian (Zot:1)
  12 orc knights
  A deep elf high priest (Elf:3)
  6 orc sorcerers
  A naga warrior (Snake:4)
  An alligator (Swamp:4)
  3 orc high priests
  A deep elf knight (Elf:3)
  A deep elf archer (Elf:3)
  A deep elf pyromancer (Elf:1)
  A human (D:13)
  20 orc warriors
  13 orc wizards
  A boggart (Vaults:1)
  A centaur (D:5)
  A jelly (D:5)
  16 orc priests
  A gnoll (D:5)
  34 orcs
  24 foxfires
  38 fungi
  51 plants
  18 withered plants (Lair:6)
250 creatures vanquished.

Grand Total: 2015 creatures vanquished

Notes
Turn   | Place    | Note
-------+----------+-------------------------------------------
     0 | D:1      | safid the Hill Orc Fighter began the quest for the Orb.
     0 | D:1      | Reached XP level 1. HP: 19/19 MP: 1/1
   119 | D:1      | Reached XP level 2. HP: 13/27 MP: 2/2
   404 | D:1      | Reached skill level 4 in Fighting
   658 | D:1      | Reached XP level 3. HP: 33/33 MP: 3/3
  1375 | D:2      | Found Yxkihor's Distillery.
  1421 | D:2      | Bought a potion of heal wounds for 65 gold pieces
  1454 | D:2      | Reached XP level 4. HP: 40/40 MP: 4/4
  1507 | D:2      | Found Arghimic's Distillery.
  1595 | D:2      | Found Cottisif's Distillery.
  1732 | D:2      | Found an ornate altar of the Wu Jian Council.
  1754 | D:2      | Found Riel's General Store.
  1754 | D:2      | Noticed Robin
  1777 | D:2      | Reached skill level 5 in Axes
  1782 | D:2      | Killed Robin
  1783 | D:2      | Reached XP level 5. HP: 33/46 MP: 5/5
  1893 | D:2      | Found Bebreudd's Book Emporium.
  2455 | D:3      | Found a faded altar of an unknown god.
  2854 | D:4      | Noticed a black bear
  2865 | D:4      | Killed a black bear
  2866 | D:4      | Reached XP level 6. HP: 34/52 MP: 6/6
  2868 | D:4      | Identified the +8 hunting sling of Dusseenn {flame, rElec
                  | rC+ MP-9 Int+2}
  3008 | D:4      | Noticed a necrophage
  3014 | D:4      | Killed a necrophage
  3027 | D:4      | Reached XP level 7. HP: 52/59 MP: 7/7
  3050 | D:4      | Noticed Ijyb
  3053 | D:4      | Paralysed by Ijyb for 6 turns
  3062 | D:4      | Killed Ijyb
  3144 | D:4      | Found a glowing drain.
  3159 | Sewer    | Entered a sewer
  3319 | Sewer    | Found a viscous altar of Jiyva.
  3746 | D:4      | Found a staircase to the Ecumenical Temple.
  3804 | D:4      | Reached skill level 10 in Axes
  3890 | Temple   | Entered the Ecumenical Temple
  4325 | D:5      | Entered Level 5 of the Dungeon
  4358 | D:5      | Became a worshipper of Beogh the Brigand
  4551 | D:5      | HP: 2/59 [gnoll sergeant/+0 trident of freezing (1)]
  4797 | D:5      | Reached XP level 8. HP: 63/66 MP: 8/8
  4985 | D:6      | Noticed Edmund
  5013 | D:6      | Killed Edmund
  5086 | D:6      | Noticed Maggie
  5101 | D:6      | Killed Maggie
  5180 | D:6      | Reached * piety under Beogh
  5185 | D:6      | Reached XP level 9. HP: 57/71 MP: 9/9
  5366 | D:6      | Found an iron altar of Okawaru.
  5423 | D:6      | Identified the +7 spear of Ash {flame, Dex+4}
  5708 | D:6      | Found a runed translucent door.
  5709 | D:6      | Noticed Crazy Yiuf
  6040 | D:7      | You fall into a shaft and drop 2 floors!
  6108 | D:9      | Found a flagged portal.
  6195 | Bailey   | Entered a bailey
  6352 | Bailey   | Noticed an orc knight
  6497 | Bailey   | Reached skill level 15 in Axes
  6555 | Bailey   | Noticed an orc knight
  6566 | Bailey   | Killed an orc knight
  6651 | Bailey   | Killed an orc knight
  6652 | Bailey   | Reached skill level 1 in Throwing
  6652 | Bailey   | Reached skill level 1 in Dodging
  6652 | Bailey   | Reached skill level 1 in Evocations
  6673 | Bailey   | Reached XP level 10. HP: 40/80 MP: 11/11
  7076 | D:7      | Reached ** piety under Beogh
  7078 | D:7      | Reached skill level 5 in Fighting
  7319 | D:7      | Reached skill level 5 in Armour
  7421 | D:7      | Noticed Pikel
  7456 | D:7      | Killed Pikel
  7580 | D:7      | Found a runed translucent gate.
  7580 | D:7      | Found a runed translucent gate.
  7580 | D:7      | Found a runed translucent gate.
  7580 | D:7      | Found an opulent altar of Gozag.
  7581 | D:7      | Noticed a gargoyle
  7584 | D:7      | Noticed unlimited1921's ghost (novice DjFE)
  7913 | D:8      | Noticed Psyche
  7921 | D:8      | Killed Psyche
  8103 | D:8      | Noticed a centaur warrior
  8103 | D:8      | Noticed a gargoyle
  8372 | D:8      | Killed a gargoyle
  8463 | D:8      | Reached skill level 6 in Fighting
  8779 | D:8      | Killed a centaur warrior
  8780 | D:8      | Reached skill level 5 in Invocations
  8780 | D:8      | Reached XP level 11. HP: 31/90 MP: 14/14
  9029 | D:9      | Identified the ring "Osoduob" {rF+ rC+ Dex+4 SInv}
  9520 | D:2      | Bought a scroll of identify for 20 gold pieces
  9540 | D:2      | Bought a potion of curing for 39 gold pieces
  9540 | D:2      | Bought a potion of ambrosia for 104 gold pieces
  9540 | D:2      | Bought a potion of haste for 130 gold pieces
  9588 | D:2      | Bought 2 potions of heal wounds for 120 gold pieces
  9588 | D:2      | Bought a potion of curing for 36 gold pieces
  9588 | D:2      | Bought 2 potions of degeneration for 24 gold pieces
  9588 | D:2      | Bought a potion of brilliance for 48 gold pieces
  9588 | D:2      | Bought a potion of mutation for 96 gold pieces
  9588 | D:2      | Bought a potion of invisibility for 96 gold pieces
  9588 | D:2      | Bought a potion of curing for 36 gold pieces
  9588 | D:2      | Bought a potion of curing for 36 gold pieces
  9625 | D:2      | Bought a potion of heal wounds for 70 gold pieces
  9625 | D:2      | Bought a potion of attraction for 42 gold pieces
  9625 | D:2      | Bought a potion of berserk rage for 70 gold pieces
  9625 | D:2      | Bought 2 potions of heal wounds for 140 gold pieces
  9625 | D:2      | Bought a potion of heal wounds for 70 gold pieces
  9962 | D:10     | Entered Level 10 of the Dungeon
 10047 | D:10     | Reached *** piety under Beogh
 10143 | D:10     | Reached skill level 7 in Fighting
 10754 | D:11     | Reached skill level 5 in Evocations
 10811 | D:11     | Reached skill level 5 in Throwing
 10872 | D:11     | Reached XP level 12. HP: 101/101 MP: 17/17
 10873 | D:11     | Found a basalt altar of Yredelemnul.
 11187 | D:11     | Noticed a two-headed ogre
 11196 | D:11     | Killed a two-headed ogre
 11197 | D:11     | Reached skill level 8 in Fighting
 11218 | D:11     | Noticed a catoblepas
 11283 | D:11     | Killed a catoblepas
 11284 | D:11     | Reached skill level 5 in Shields
 11306 | D:11     | Noticed a two-headed ogre
 11306 | D:11     | Noticed a boulder beetle
 11330 | D:11     | Killed a two-headed ogre
 11348 | D:11     | Killed a boulder beetle
 11372 | D:11     | Got the +8 eveningstar of Uhasch {vorpal, rElec rPois Str-4
                  | Stlth+}
 11409 | D:11     | Noticed Erica
 11411 | D:11     | Found a staircase to the Lair.
 11448 | D:11     | Killed Erica
 11449 | D:11     | Reached skill level 5 in Dodging
 11453 | D:11     | Reached **** piety under Beogh
 11819 | D:11     | Found a staircase to the Orcish Mines.
 12169 | D:12     | Identified the ring of Papseog {Contam EV+4 Int+7 Dex+6}
 12250 | D:12     | Noticed a two-headed ogre
 12264 | D:12     | Killed a two-headed ogre
 12395 | Lair:1   | Entered Level 1 of the Lair of Beasts
 12651 | Lair:1   | Reached skill level 9 in Fighting
 12660 | Lair:1   | Reached XP level 13. HP: 53/111 MP: 19/19
 13359 | Lair:1   | Reached skill level 10 in Shields
 13508 | Lair:2   | Reached ***** piety under Beogh
 13568 | Lair:2   | Found a gate leading to a gauntlet.
 13586 | Gauntlet | Entered a Gauntlet
 13586 | Gauntlet | Found a transporter.
 13586 | Gauntlet | Found a transporter.
 13586 | Gauntlet | Found a transporter.
 13587 | Gauntlet | Found a transporter.
 13588 | Gauntlet | Found a transporter.
 13591 | Gauntlet | Found a transporter.
 13600 | Gauntlet | Found a transporter.
 13601 | Gauntlet | Found a transporter.
 13602 | Gauntlet | Found a transporter.
 13602 | Gauntlet | Found a transporter.
 13610 | Gauntlet | Found a transporter.
 13611 | Gauntlet | Found a transporter.
 13893 | Gauntlet | Identified the +5 hand axe "Voage" {flame, rPois rF+ Str+4}
 13981 | Gauntlet | Identified the +5 flail "Beastslayer" {spect, rC+}
 14213 | Gauntlet | Identified the +5 helmet of the Harp {rPois rN+ rCorr}
 14240 | Gauntlet | Noticed a minotaur
 14260 | Gauntlet | Killed a minotaur
 14273 | Gauntlet | Identified the +2 helmet "Jofauche" {rN+ Str-5 Int+4}
 14274 | Gauntlet | Got the Grimoire of the Traveller
 15292 | Lair:3   | Found a staircase to the Snake Pit.
 15586 | Lair:3   | Reached XP level 14. HP: 101/119 MP: 11/21
 15848 | Lair:3   | Reached skill level 15 in Shields
 15897 | Lair:3   | Found a staircase to the Swamp.
 15986 | Lair:3   | Gained Urtork as an ally
 16109 | Lair:3   | Your ally Urtork died
 16536 | Lair:3   | Found a runed translucent door.
 16538 | Lair:3   | Noticed Agekol's ghost (journeyman MiBe)
 16543 | Lair:3   | Identified the +5 trident of Generosity {spect, rPois MP-9
                  | Str+3}
 16755 | Lair:4   | Found a transporter.
 16755 | Lair:4   | Noticed Tosithia's ghost (journeyman GrEE)
 16878 | Lair:4   | Gained Gorg as an ally
 17017 | Lair:4   | Found a transporter.
 17478 | Lair:5   | Your ally Gorg died
 18208 | Lair:5   | Gained Herok as an ally
 18277 | Lair:5   | Noticed a dire elephant
 18303 | Lair:5   | Killed a dire elephant
 18349 | Lair:5   | Identified the amulet "Obaog" {Acrobat Regen+ Dex+6 Slay-3}
 18430 | Lair:6   | Entered Level 6 of the Lair of Beasts
 18667 | Lair:6   | Reached XP level 15. HP: 111/126 MP: 22/22
 19029 | Lair:6   | Found a viscous altar of Jiyva.
 19029 | Lair:6   | Found a staircase to the Slime Pits.
 19295 | Lair:6   | Your ally Herok died
 19875 | Orc:1    | Entered Level 1 of the Orcish Mines
 19955 | Orc:2    | Entered Level 2 of the Orcish Mines
 19964 | Orc:2    | Noticed Snorg
 19972 | Orc:2    | Killed Snorg
 20064 | Orc:2    | Found a staircase to the Elven Halls.
 20091 | Orc:2    | Noticed an orc warlord
 20095 | Orc:2    | Gained Koronagh as an ally
 20106 | Orc:2    | Your ally Koronagh died
 20115 | Orc:2    | Killed an orc warlord
 20150 | Orc:1    | Found a roughly hewn altar of Beogh.
 20232 | Orc:1    | Found Isol's Jewellery Emporium.
 20451 | Orc:2    | Gained Boderik as an ally
 20520 | Orc:2    | Noticed Sonja
 20522 | Orc:2    | Killed Sonja
 20651 | Orc:2    | Found Quagi's Magic Scroll Shop.
 20660 | Orc:2    | Bought a scroll of blinking for 120 gold pieces
 20660 | Orc:2    | Bought a scroll of blinking for 120 gold pieces
 20660 | Orc:2    | Bought a scroll of identify for 32 gold pieces
 20660 | Orc:2    | Bought a scroll of identify for 32 gold pieces
 20756 | Orc:2    | Found a roughly hewn altar of Beogh.
 20770 | Orc:2    | Found Butolif's Antique Armour Shoppe.
 20790 | Orc:2    | Found Ukuintergh's Antique Weapon Shoppe.
 20812 | Orc:2    | Found Diudag's General Store.
 20819 | Orc:2    | Bought a scroll of fear for 52 gold pieces
 20855 | Orc:2    | Found Xamer's Jewellery Shoppe.
 21549 | D:12     | Noticed Urug
 21558 | D:12     | Killed Urug
 21632 | D:12     | Noticed Rupert
 21638 | D:12     | Killed Rupert
 22166 | D:13     | Gained Orkwin as an ally
 22406 | D:13     | Found a shimmering blue altar of Sif Muna.
 22442 | D:13     | Noticed Josephine
 22449 | D:13     | Identified the +4 glaive "Okhamefa" {vorpal, Drain rF+ rC+
                  | Dex+2}
 22455 | D:13     | Killed Josephine
 22547 | D:13     | Found a gate to the Vaults.
 22763 | D:14     | Reached skill level 1 in Maces & Flails
 23052 | D:14     | Reached ****** piety under Beogh
 23052 | D:14     | Gained Judas as an ally
 23128 | D:14     | Reached XP level 16. HP: 122/133 MP: 23/23
 23267 | D:14     | Found Viemea Mizo's Mass Market.
 23442 | D:15     | Entered Level 15 of the Dungeon
 23837 | D:15     | Reached skill level 5 in Maces & Flails
 23870 | D:15     | Found a staircase to the Depths.
 23923 | D:15     | Identified the +3 pair of boots "Humygiyl" {Rampage rElec
                  | MP-9 Int+3}
 24367 | Swamp:1  | Entered Level 1 of the Swamp
 25217 | Swamp:1  | Noticed a fenstrider witch
 25222 | Swamp:1  | Killed a fenstrider witch
 25222 | Swamp:1  | Gained Arbeogh as an ally
 25364 | Swamp:1  | Your ally Judas died
 25366 | Swamp:1  | Your ally Orkwin died
 25370 | Swamp:1  | Your ally Boderik died
 25370 | Swamp:1  | Your ally Arbeogh died
 25605 | Swamp:1  | Identified the +9 war axe of the Moon {antimagic, +Blink
                  | rF+ rC+ Int+4}
 25609 | Swamp:1  | Found a runed translucent gate.
 25609 | Swamp:1  | Found a runed translucent gate.
 25609 | Swamp:1  | Found a runed translucent gate.
 25919 | Swamp:1  | Noticed turdburglar's ghost (adept HOHu)
 25992 | Swamp:2  | Gained Bogward as an ally
 26085 | Swamp:2  | Your ally Bogward died
 26089 | Swamp:2  | Noticed a fenstrider witch
 26089 | Swamp:2  | Paralysed by a fenstrider witch for 3 turns
 26098 | Swamp:2  | Killed a fenstrider witch
 26191 | Swamp:2  | Reached skill level 10 in Fighting
 26510 | Swamp:2  | Reached skill level 10 in Invocations
 27299 | Swamp:3  | Found a transporter.
 27309 | Swamp:3  | Found a transporter.
 27313 | Swamp:3  | Noticed Cheops's ghost (adept MiFi)
 27681 | Swamp:3  | Reached skill level 10 in Armour
 27690 | Swamp:3  | Reached XP level 17. HP: 66/141 MP: 5/24
 27764 | Swamp:3  | Identified 3 scrolls of acquirement
 27764 | Swamp:3  | Acquired 797 gold pieces
 27765 | Swamp:3  | Acquired the +3 pair of seven-league boots {Rampage+∞}
 27765 | Swamp:3  | Found the +3 pair of seven-league boots {Rampage+∞}
 27766 | Swamp:3  | Acquired the +10 tower shield of Ignorance {rN+ Int-4}
 27766 | Swamp:3  | Found the +10 tower shield of Ignorance {rN+ Int-4}
 27814 | Swamp:4  | Entered Level 4 of the Swamp
 27968 | Swamp:4  | Noticed safid's ghost (adept HOFi)
 27970 | Swamp:4  | Found a transporter.
 27971 | Swamp:4  | Found a bloodstained altar of Trog.
 27989 | Swamp:4  | Found a transporter.
 28256 | Swamp:4  | Noticed a tentacled monstrosity
 28269 | Swamp:4  | Killed a tentacled monstrosity
 28671 | Swamp:4  | Reached skill level 11 in Fighting
 28698 | Swamp:4  | Noticed the 27-headed Lernaean hydra
 28906 | Swamp:4  | Killed the 27-headed Lernaean hydra
 29411 | Swamp:4  | Got a decaying rune of Zot
 29714 | Depths:1 | Entered Level 1 of the Depths
 29999 | Depths:1 | Paralysed by a great orb of eyes for 4 turns
 30242 | Depths:1 | Reached XP level 18. HP: 154/154 MP: 6/27
 30418 | Depths:1 | Reached skill level 12 in Fighting
 31502 | Depths:1 | Found Big Baal Hell's Store.
 31507 | Depths:1 | Found a gateway to Hell.
 31852 | Depths:2 | Paralysed by a great orb of eyes for 5 turns
 31860 | Depths:2 | Paralysed by a great orb of eyes for 3 turns
 32166 | Depths:2 | Gained Argrim as an ally
 32167 | Depths:2 | Reached XP level 19. HP: 161/161 MP: 6/28
 32187 | Depths:2 | Found a one-way gate leading to the halls of Pandemonium.
 32447 | Depths:2 | Your ally Argrim died
 32536 | Depths:2 | Paralysed by a vampire knight for 4 turns
 32861 | Depths:2 | Reached skill level 13 in Fighting
 32908 | Depths:2 | Noticed a walking crystal tome
 32909 | Depths:2 | Noticed a tentacled monstrosity
 32910 | Depths:2 | Paralysed by a floating eye for 2 turns
 33246 | Depths:2 | Killed a tentacled monstrosity
 33327 | Depths:2 | Killed a walking crystal tome
 33403 | Depths:2 | Gained Okrist as an ally
 33604 | Depths:2 | Gained Arkwar as an ally
 33629 | Depths:2 | Identified the +4 hand crossbow "Rujuage" {venom, Fragile
                  | rElec rF+}
 33872 | Depths:3 | Found a one-way gate to the infinite horrors of the Abyss.
 33879 | Depths:3 | Noticed Boris
 33906 | Depths:3 | Your ally Arkwar died
 33917 | Depths:3 | Killed Boris
 33918 | Depths:3 | Reached skill level 10 in Throwing
 34334 | Snake:1  | Entered Level 1 of the Snake Pit
 34664 | Snake:1  | Noticed Louise
 34674 | Snake:1  | Killed Louise
 35041 | Snake:1  | Noticed Azrael
 35057 | Snake:1  | Killed Azrael
 35262 | Snake:1  | Found a large runed translucent door.
 35263 | Snake:1  | Found a large runed translucent door.
 35265 | Snake:1  | Noticed Nauzuosmi's ghost (adept DsFi)
 35293 | Snake:1  | Killed Nauzuosmi's ghost
 35305 | Snake:1  | Got Sif Muna's Volume of the Birds
 35521 | Snake:2  | You fall into a shaft and drop 1 floor!
 35603 | Snake:3  | Noticed Vashnia
 35633 | Snake:3  | Killed Vashnia
 35715 | Snake:2  | Reached XP level 20. HP: 152/173 MP: 7/30
 35720 | Snake:2  | Reached skill level 14 in Fighting
 36046 | Snake:2  | Identified the +10 quarterstaff of Caokka {pain, Fly rC+
                  | rCorr Str-2}
 36315 | Snake:2  | Reached skill level 15 in Invocations
 36684 | Snake:3  | Found a glowing silver altar of Zin.
 37002 | Snake:4  | Entered Level 4 of the Snake Pit
 37133 | Snake:4  | Reached skill level 15 in Fighting
 37529 | Snake:4  | Found Cuoseil's Book Emporium.
 37530 | Snake:4  | Found Wozocrupp's Jewellery Shop.
 37530 | Snake:4  | Found Ven Jabe's Jewellery Shop.
 37536 | Snake:4  | Bought the amulet of Qianuul {Reflect Str+2 Slay+2 SH+5}
                  | for 992 gold pieces
 37829 | Snake:4  | Got a serpentine rune of Zot
 38710 | Orc:2    | Bought a scroll of fog for 32 gold pieces
 38710 | Orc:2    | Bought a scroll of enchant armour for 120 gold pieces
 38710 | Orc:2    | Bought a scroll of fog for 32 gold pieces
 38855 | Vaults:1 | Entered Level 1 of the Vaults
 38970 | Vaults:1 | Got Sif Muna's Volume of the Snowflakes and the Birds
 39020 | Vaults:1 | Reached skill level 16 in Fighting
 39256 | Vaults:1 | Identified the ring "Noimuide" {Fly Stlth+}
 39588 | Vaults:1 | Found a magical portal.
 39705 | Vaults:1 | Reached skill level 17 in Fighting
 40208 | D:2      | Bought a potion of heal wounds for 70 gold pieces
 40208 | D:2      | Bought a potion of haste for 140 gold pieces
 40208 | D:2      | Bought a potion of mutation for 112 gold pieces
 40208 | D:2      | Bought a potion of curing for 42 gold pieces
 40387 | Elf:1    | Entered Level 1 of the Elven Halls
 40421 | Elf:1    | Reached XP level 21. HP: 191/191 MP: 8/33
 40641 | Elf:1    | Noticed Aizul
 40648 | Elf:1    | Killed Aizul
 40737 | Elf:1    | Found an ancient bone altar of Kikubaaqudgha.
 40971 | Elf:1    | Reached skill level 18 in Fighting
 41134 | Elf:1    | Found the +4 robe of Folly {Brilliance Will-∞ Int+8}
 41420 | Elf:1    | Got the Volume of Combed Thunderclap
 41545 | Elf:2    | Found Nutwaig's Armour Boutique.
 41626 | Elf:2    | Bought a +0 cloak of willpower for 195 gold pieces
 41795 | Elf:2    | Found a runed translucent gate.
 41795 | Elf:2    | Found a runed translucent gate.
 41797 | Elf:2    | Found a runed translucent gate.
 41922 | Elf:2    | Found a portal to a secret trove of treasure.
 42031 | Elf:2    | Noticed Jorgrun
 42038 | Elf:2    | Reached skill level 19 in Fighting
 42044 | Elf:2    | Killed Jorgrun
 42511 | Elf:3    | Entered Level 3 of the Elven Halls
 42785 | Elf:3    | Reached skill level 20 in Fighting
 42820 | Elf:3    | Identified the +2 robe of the Harvest Moon {Will+ rCorr
                  | Dex-3}
 43561 | Elf:3    | Reached skill level 21 in Fighting
 43995 | Elf:3    | Noticed Asterion
 44006 | Elf:3    | Killed Asterion
 44055 | Elf:3    | Reached XP level 22. HP: 213/213 MP: 8/34
 44090 | Elf:3    | Identified the +6 dagger of Tomuc {venom, Int+2 Dex+4}
 44196 | Elf:3    | Reached skill level 22 in Fighting
 44289 | Elf:3    | Identified the +5 long sword of Innocence {protect, rF+
                  | MP+9 Int+4}
 44306 | Elf:3    | Identified the ring of Ydiyb {Ice MP-9 Dex+3 Slay+3}
 44383 | Elf:3    | Identified the +8 plate armour "Aheycuecs" {rCorr Str-5
                  | Dex+3}
 45078 | Vaults:2 | Gained Orkrul as an ally
 45782 | Vaults:2 | Reached skill level 23 in Fighting
 46138 | Vaults:2 | You fall into a shaft and drop 1 floor!
 46434 | Vaults:2 | Found a staircase to the Crypt.
 46434 | Vaults:2 | Found an ancient bone altar of Kikubaaqudgha.
 46435 | Vaults:2 | Found a basalt altar of Yredelemnul.
 47182 | Vaults:3 | Reached skill level 24 in Fighting
 47218 | Vaults:3 | Found Wyetsass's Weapon Shoppe.
 47536 | Vaults:4 | Found Nemmotz's Distillery.
 47541 | Vaults:4 | Bought a potion of curing for 63 gold pieces
 47541 | Vaults:4 | Bought a potion of heal wounds for 105 gold pieces
 47541 | Vaults:4 | Bought a potion of heal wounds for 105 gold pieces
 47541 | Vaults:4 | Bought a potion of heal wounds for 105 gold pieces
 47541 | Vaults:4 | Bought a potion of might for 84 gold pieces
 47541 | Vaults:4 | Bought a potion of curing for 63 gold pieces
 47541 | Vaults:4 | Bought a potion of haste for 210 gold pieces
 47550 | Vaults:4 | Found Misied's Magic Scroll Boutique.
 47556 | Vaults:4 | Bought a scroll of blinking for 82 gold pieces
 47556 | Vaults:4 | Bought a scroll of teleportation for 33 gold pieces
 47754 | Vaults:4 | Reached skill level 25 in Fighting
 48055 | Vaults:4 | Found Nyn Zet's Antique Armour Shop.
 48154 | Vaults:4 | Reached XP level 23. HP: 234/234 MP: 8/35
 48225 | Vaults:4 | Got the Tome of Flames and Stones
 49018 | Depths:3 | Found a one-way gateway to a ziggurat.
 49052 | Depths:3 | Found a hide-covered altar of Uskayaw.
 49195 | Depths:3 | Noticed Mara
 49202 | Depths:3 | Noticed safid's illusion
 49211 | Depths:3 | Killed Mara
 49323 | Depths:4 | Entered Level 4 of the Depths
 49368 | Depths:4 | Reached skill level 26 in Fighting
 49546 | Depths:4 | Found a gate to the Realm of Zot.
 49549 | Depths:4 | Noticed a golden dragon
 49550 | Depths:4 | Noticed a golden dragon
 49558 | Depths:4 | Killed a golden dragon
 49564 | Depths:4 | Killed a golden dragon
 49575 | Depths:4 | Your ally Orkrul died
 50354 | Depths:4 | Reached skill level 27 in Fighting
 50378 | Depths:4 | Found a sacrificial altar of Ru.
 50417 | Depths:4 | Found a shimmering altar of Xom.
 50419 | Depths:4 | Found an ancient bone altar of Kikubaaqudgha.
 50419 | Depths:4 | Found a radiant altar of Vehumet.
 50421 | Depths:4 | Found a burning altar of Makhleb.
 50421 | Depths:4 | Found a hide-covered altar of Uskayaw.
 50421 | Depths:4 | Found a white marble altar of Elyvilon.
 51040 | Slime:1  | Entered Level 1 of the Pits of Slime
 51712 | Slime:4  | Gained Morbeogh as an ally
 52127 | Slime:5  | Entered Level 5 of the Pits of Slime
 52273 | Slime:5  | Gained mutation: Your body sometimes deteriorates upon
                  | taking damage. [a shining eye]
 52275 | Slime:5  | Gained mutation: You are frail. (-10% HP) [a shining eye]
 52278 | Slime:5  | Gained mutation: Your magical capacity is low. (-10% MP) [a
                  | shining eye]
 52279 | Slime:5  | Gained mutation: You are very frail. (-20% HP) [a shining
                  | eye]
 52373 | Slime:5  | Noticed the Royal Jelly
 52384 | Slime:5  | Killed the Royal Jelly
 52393 | Slime:5  | Your ally Morbeogh died
 52410 | Slime:4  | Gained mutation: Armour fits poorly on your strangely
                  | shaped body. [a shining eye]
 52763 | Slime:4  | Lost mutation: Your magical capacity is low. (-10% MP)
                  | [potion of mutation]
 52763 | Slime:4  | Lost mutation: You are very frail. (-20% HP) [potion of
                  | mutation]
 52763 | Slime:4  | Lost mutation: You are frail. (-10% HP) [potion of
                  | mutation]
 52763 | Slime:4  | Gained mutation: Your magical capacity is low. (-10% MP)
                  | [potion of mutation]
 52764 | Slime:4  | Lost mutation: Your magical capacity is low. (-10% MP)
                  | [potion of mutation]
 52764 | Slime:4  | Lost mutation: Your body sometimes deteriorates upon taking
                  | damage. [potion of mutation]
 52764 | Slime:4  | Gained mutation: You are frail. (-10% HP) [potion of
                  | mutation]
 52764 | Slime:4  | Gained mutation: Your spells are a little easier to cast,
                  | but a little less powerful. [potion of mutation]
 52764 | Slime:4  | Gained mutation: You have hidden genetic potential. [potion
                  | of mutation]
 52765 | Slime:4  | Lost mutation: Armour fits poorly on your strangely shaped
                  | body. [potion of mutation]
 52765 | Slime:4  | Lost mutation: Your spells are a little easier to cast, but
                  | a little less powerful. [potion of mutation]
 52765 | Slime:4  | Lost mutation: You are frail. (-10% HP) [potion of
                  | mutation]
 52765 | Slime:4  | Gained mutation: You are strong-willed. (Will+) [potion of
                  | mutation]
 52765 | Slime:4  | Gained mutation: You passively map a small area around you.
                  | [potion of mutation]
 53141 | Slime:5  | Identified the +1 executioner's axe "Enacock" {freeze, rN+
                  | Str+4 Dex+3}
 53245 | Slime:5  | Identified the +1 plate armour of Defiance {rF++}
 53251 | Slime:5  | Got a slimy rune of Zot
 53635 | Swamp:3  | Identified the +2 cloak of Skepticism {Str+6 Int-3}
 54161 | Swamp:4  | Killed safid's ghost
 54997 | Zot:1    | Entered Level 1 of the Realm of Zot
 55046 | Zot:1    | Reached XP level 24. HP: 249/249 MP: 9/36
 55064 | Zot:1    | Noticed an orb of fire
 55064 | Zot:1    | Gained mutation: Armour fits poorly on your strangely
                  | shaped body. [an orb of fire]
 55066 | Zot:1    | Gained mutation: You sometimes lose the ability to read
                  | scrolls when taking damage. [an orb of fire]
 55073 | Zot:1    | Killed an orb of fire
 55074 | Zot:1    | Lost mutation: You passively map a small area around you.
                  | [potion of mutation]
 55074 | Zot:1    | Lost mutation: You sometimes lose the ability to read
                  | scrolls when taking damage. [potion of mutation]
 55074 | Zot:1    | Gained mutation: You are clumsy. (Dex -2) [potion of
                  | mutation]
 55074 | Zot:1    | Lost mutation: You are strong-willed. (Will+) [potion of
                  | mutation]
 55074 | Zot:1    | Gained mutation: You have great hidden genetic potential.
                  | [potion of mutation]
 55583 | Zot:1    | You fall into a shaft and drop 1 floor!
 55612 | Zot:2    | Found the +4 dragonskin cloak
 55612 | Zot:2    | Noticed Tiamat
 55630 | Zot:2    | HP: 11/249 [quicksilver dragon (18)]
 56524 | Zot:1    | Identified the +6 morningstar of Eskad {venom, rPois Dex+4}
 56818 | Zot:1    | Your ally Orkrul died
 57268 | Zot:1    | Found a glowing silver altar of Zin.
 57485 | Zot:1    | Got the Compendium of the Zealot
 58189 | Zot:2    | Your ally Okrist died
 58205 | Zot:2    | Your ally Orkrul died
 58207 | Zot:2    | Demolished by a green draconian monk

Illustrated notes

Levels and vault maps discovered:
D:1:      dpeg_arrival_rhombi, layout_basic, serial_park_tiny_pond
D:2:      layout_rooms, basic_altar, serial_shops, nicolae_shop_crystal, shop,
          shop, shop, nicolae_shop_hallway_plus, uniq_robin
D:3:      layout_rooms, hellmonk_ecumenical_altar_pennies_from_heaven,
          minmay_snake_closets
D:4:      layout_rooms, temple_statues, portal_sewer_entry_d, serial_aquarium,
          aquarium_bridge_long_separate [aquarium_subvault_wall,
          aquarium_subvault_bridge, aquarium_subvault_wall,
          aquarium_subvault_wall, aquarium_subvault_wall,
          aquarium_subvault_bridge], aquarium_window_fake,
          aquarium_window_corridor_3, aquarium_window_double,
          aquarium_window_fake, aquarium_view_2e, aquarium_balcony_double_3,
          aquarium_pool_corner, minmay_misc_feat_more_columns,
          solitary_fountain, chequers_hall_statues_wall_a, sigmund_army,
          uniq_ijyb
D:5:      layout_cave_pools, chequers_garden
D:6:      layout_basic, okawaru_gym_becter, uniq_crazy_yiuf_cottage,
          uniq_maggie, uniq_edmund
D:7:      layout_loops_ring, ebering_ghost_gozag, kennysheep_generic_room_8,
          uniq_pikel
D:8:      layout_cave_pools, nicolae_wwwww, minmay_door_square,
          minmay_manual_mullet, uniq_psyche
D:9:      layout_gridville, enter_bailey_8
D:10:     layout_long_grid
D:11:     minmay_roctagon, layout_loops_ring, grunt_lair_entry_orc_guard_hut,
          orc_0_dummy, portal_ice_cave_entry_imps,
          nicolae_yredelemnul_corpse_copse, uniq_erica
D:12:     layout_layer_cave, uniq_urug, uniq_rupert
D:13:     layout_rooms, ximxim_vaults_locker_room, tgw_sif, uniq_josephine
D:14:     layout_irregular_city, infiniplex_staircase_pillars_1,
          minmay_shop_mass
D:15:     hangedman_depths_entry_civil_slaughter, layout_gridville, minivault_4
Temple:   mainiacjoe_temple_trianglar_array
Lair:1:   layout_long_grid, st_stairs_9, chequers_serial_rivers_marsh,
          nzn_random_ring
Lair:2:   layout_roguey [special_room_bee], gauntlet_entry_generic
Lair:3:   layout_gridlike, palyth_hydra_swamp_entry,
          minmay_snake_entry_guardpost_small, ebering_ghost_funeral_grove,
          nicolae_lair_grazing_beasts [nicolae_sub_lair_graze_edge,
          nicolae_sub_lair_graze_edge, nicolae_sub_lair_graze_edge,
          nicolae_sub_lair_graze_edge], infiniplex_staircase_pool
Lair:4:   layout_misc_corridors, gammafunk_ghost_arena
Lair:5:   nzn_winding_woodlands_cross [nzn_winding_woodlands_5x15_parted,
          nzn_winding_woodlands_5x15_zeroes, nzn_winding_woodlands_5x15_eye,
          nzn_winding_woodlands_5x15_pathside_ponds,
          nzn_winding_woodlands_15x15_boxy_spiral], layout_big_grid,
          amcnicky_mini_pool_medium
Lair:6:   due_jungle_book, layout_loops_ring, dpeg_slime_entry_enclosed_altar,
          minivault_25, grunt_megastairs_1
Swamp:1:  layout_basic_swamp, gammafunk_ghost_necromancy,
          nicolae_swamp_trees_clearing, swamp_pool1, nicolae_swamp_big_swirl
Swamp:2:  layout_falls_marsh, evilmike_swamp_ruin_rubble_2, swamp_pool1,
          hangedman_swamp_blocks
Swamp:3:  layout_basic_swamp, gammafunk_ghost_berserking_beasts,
          nicolae_swamp_feature_on_the_river_bank
Swamp:4:  swamp_old_school, layout_basic_swamp,
          gammafunk_ghost_wrathful_warriors, swamp_pool5,
          nicolae_swamp_orc_logging_accident, statue_in_the_mist_lemuel
Snake:1:  layout_grid_maze, ebering_ghost_disaster_area, grunt_megastairs_5,
          uniq_azrael, uniq_louise
Snake:2:  layout_gridlike, grunt_megastairs_3
Snake:3:  layout_cave_shapes, basic_altar, drop_trap, uniq_vashnia
Snake:4:  grunt_snake_rune_pools, layout_chambers, minmay_shop_grove
Slime:1:  layout_caves, nicolae_slime_ancient_tower_intersection
Slime:2:  layout_caves
Slime:3:  layout_caves
Slime:4:  layout_caves
Slime:5
Orc:1:    layout_diamond_mine, serial_shops, shop, basic_altar
Orc:2:    grunt_orc_cross, layout_diamond_mine, serial_shops,
          nicolae_shop_crystal, uniq_sonja, uniq_snorg
Elf:1:    minmay_guarded_unrand_folly, layout_onion_city, basic_altar,
          minmay_elf_annihilation, bh_hangedman_babel_library, uniq_aizul
Elf:2:    elven_hall_of_blades_hangedman_original [grunt_blade_entry_basic],
          layout_geoelf_grid, serial_shops, shop, enter_trove_6, uniq_jorgrun
Elf:3:    minmay_elf_hall_hex, layout_geoelf_diagonals, uniq_asterion
Vaults:1: infiniplex_enter_wizlab_water, v_misc_3, grunt_vaults_diagonal,
          v_rooms_6, nicolae_vaults_specimen_jars, grunt_vaults_hallway_long,
          v_alt_pattern_2, st_cross, nicolae_vaults_ring_of_whatevers,
          ontoclasm_vaults_shuriken, nicolae_vaults_little_squares_5,
          vaults_room_fours, v_misc_4, layout_vaults_omnicross
Vaults:2: v_rooms_3, hangedman_vaults_corner_blocks, ontoclasm_vaults_bender,
          nicolae_vaults_little_squares_6, minmay_crypt_entry_necro_gods,
          v_misc_22, nicolae_vaults_network_quinsquares
          [nicolae_vaults_network_quincunx_subvault,
          nicolae_vaults_network_quincunx_subvault,
          nicolae_vaults_network_quincunx_subvault,
          nicolae_vaults_network_quincunx_subvault],
          nicolae_vaults_c_with_doors, layout_vaults_omnigrid
Vaults:3: vaults_mumra_minichess_inversion, hangedman_vaults_trim, v_misc_4,
          v_misc_30, nicolae_vaults_three_branches, nicolae_vaults_alarming,
          vaults_dpeg_diagonal, v_misc_22, grunt_vaults_hallway_long,
          vaults_room_hallway, nicolae_vaults_little_squares_2,
          layout_vaults_ring, serial_shops, nicolae_shop_bloodbath_and_beyond
Vaults:4: nicolae_vaults_stairing_the_circle, vaults_mumra_hexcomb,
          hangedman_vaults_capsules, nicolae_vaults_network_barrier,
          nicolae_vaults_disjoint_gnomons, v_misc_4, vaults_dpeg_ring,
          vaults_dpeg_cross, ontoclasm_vaults_ring_square,
          nicolae_vaults_little_squares_1, nicolae_vaults_rhombus_7, v_misc_19,
          layout_vaults_maze, serial_shops, shop, shop_scrolls,
          nicolae_shop_hallway_plus
Depths:1: layout_honeycomb, nicolae_hell_entry_big_baal_hell,
          minmay_misc_feat_cross, serial_bayou_ford_a,
          serial_sigils_hangedman_gnaw, kennysheep_pointless_box, drop_trap,
          kennysheep_inner_square
Depths:2: grunt_runaround [grunt_runaround_doors_1, grunt_runaround_doors_2,
          grunt_runaround_doors_3, grunt_runaround_doors_4,
          grunt_runaround_loot], hell_entry, pan_entry
Depths:3: hangedman_stitches_corridor, layout_honeycomb, enter_ziggurat_b,
          abyss_entry, pf_coc_iceberg, nicolae_uskayaw_en_pointe,
          infiniplex_staircase_zigzag_1, serial_bayou_shore_b, uniq_mara,
          uniq_boris, uniq_jory
Depths:4: grunt_zot_entry_bicorn, layout_basic, hell_entry,
          nicolae_ru_the_path_less_chosen, marbit_kobold_abyss_entry,
          minmay_misc_feat_chi, doesnt_xom_only_xom,
          infiniplex_staircase_pool_lava
Zot:1:    nicolae_zot_draconian_monastery, layout_twisted_circle,
          st_small_dragon_hoard_2
Zot:2:    layout_gridlike, st_grand_hoard_of_tiamat

Skill      XL: |  1  2  3  4  5  6  7  8  9 10 11 12 13 14 15 16 17 18 19 20 21 22 23 24 |
---------------+-------------------------------------------------------------------------+-----
Axes           | 3 5 7 8 11 13 16 17 18 19 | 19.3
Fighting       | 4 6 7 9 10 11 12 13 17 21 25 27 | 27.0
Shields        | 4 9 14 18 21 22 23 24 | 24.0
Armour         | 4 6 7 8 9 10 11 12 13 14 | 14.0
Throwing       | 1 3 5 6 7 10 | 10.0
Dodging        | 1 3 4 5 6 7 |  7.0
Invocations    | 2 5 7 8 9 10 12 14 16 17 18 20 | 20.8
Evocations     | 1 3 5 6 7 8 |  8.0
Maces & Flails | 2 7 |  7.1

Action                   |  1- 3 |  4- 6 |  7- 9 | 10-12 | 13-15 | 16-18 | 19-21 | 22-24 || total
-------------------------+-------+-------+-------+-------+-------+-------+-------+-------++-------
Melee: War axe           |    63 |   204 |   352 |   570 |       |   712 |  1428 |  1349 ||  4678
       Eveningstar       |       |       |       |    94 |   929 |   182 |       |       ||  1205
Throw: Javelin           |       |       |     5 |     4 |       |     5 |     3 |     6 ||    23
       Dart              |       |       |       |       |       |     4 |       |       ||     4
Invok: Convert to Beogh  |       |       |     1 |       |       |       |       |       ||     1
       Smiting           |       |       |       |       |    21 |    25 |    14 |    14 ||    74
       Give Item to Name |       |       |       |       |     3 |     3 |     2 |     1 ||     9
       Recall Orcish Fol |       |       |       |       |     2 |    15 |     4 |     8 ||    29
       Stop Recall       |       |       |       |       |     2 |     5 |       |       ||     7
       Resurrection      |       |       |       |       |       |       |     1 |     2 ||     3
  Use: Scroll            |       |       |     5 |     8 |     9 |    12 |     7 |    11 ||    52
       Potion            |       |       |     3 |     8 |    16 |     5 |     5 |    12 ||    49
 Stab: Invisible         |       |       |       |     1 |     2 |       |       |       ||     3
       Petrified         |       |       |       |     1 |     3 |       |       |       ||     4
       Distracted        |       |       |       |       |    11 |     8 |    15 |     7 ||    41
       Paralysed         |       |       |       |       |     3 |       |       |     1 ||     4
Armor: Scale mail        |    23 |    91 |   116 |       |       |       |       |       ||   230
       Plate armour      |       |       |    23 |   517 |   771 |   552 |   283 |   454 ||  2600
       Chain mail        |       |       |     8 |       |       |       |       |       ||     8
Dodge: Dodged            |    27 |    83 |   149 |   226 |   285 |   215 |   164 |   236 ||  1385
Block: Buckler           |     7 |   107 |    70 |    93 |       |       |       |       ||   277
       Reflection        |       |     1 |       |       |       |       |    85 |    49 ||   135
       Kite shield       |       |       |       |   115 |   166 |       |       |       ||   281
       Tower shield      |       |       |       |       |  1014 |  1199 |  1599 |  1693 ||  5505
